 Dungeon Crawl Stone Soup version 0.31-a0-845-g9abc20d24f (webtiles) character file.

Game seed: 12387369540897380233

1251 Fodor the Cudgeller (level 8, -3/69 HPs)
             Began as a Minotaur Fighter on Oct 1, 2023.
             Slain by an orc warrior
             ... wielding a +0 scimitar
              (6 damage)
             ... on level 5 of the Dungeon.
             The game lasted 00:20:59 (3777 turns).

Fodor the Cudgeller (Minotaur Fighter)              Turns: 3777, Time: 00:20:59

Health: -3/69      AC: 12    Str: 23    XL:     8   Next: 26%
Magic:  7/7        EV: 14    Int: 11    God:
Gold:   264        SH:  5    Dex: 10    Spells: 7/7 levels left

rFire   . . .        k - +0 flail
rCold   . . .        c - +0 buckler
rNeg    . . .        D - +0 chain mail
rPois   .            (helmet restricted)
rElec   .            j - +0 cloak
rCorr   .            f - +0 pair of gloves
SInv    .            (no boots)
Will    .....        (no amulet) Stlth
                     i - +6 ring of intelligence
HPRegen 0.31/turn    B - +5 ring of evasion
MPRegen 0.10/turn

%: no passive effects
@: hasted, very quick
A: horns 2, retaliatory headbutt
a: no special abilities


You were on level 5 of the Dungeon.
You visited 2 branches of the dungeon, and saw 6 of its levels.
You also visited: Sewer.

You collected 264 gold pieces.

Inventory:

Hand Weapons
 k - a +0 flail (weapon)
 z - a +0 scythe
Armour
 c - a +0 buckler (worn)
 f - a +0 pair of gloves (worn)
 j - a +0 cloak (worn)
 D - a +0 chain mail (worn)
Jewellery
 b - a ring of see invisible
 i - a +6 ring of intelligence (left hand)
 w - an amulet of faith
 B - a +5 ring of evasion (right hand)
Talismans
 v - a beast talisman
Wands
 t - a wand of roots (9)
Scrolls
 e - a scroll of poison {unknown}
 l - 2 scrolls of fear {unknown}
 m - 5 scrolls of teleportation
 n - 2 scrolls of identify {unknown}
 o - a scroll of immolation {unknown}
 r - a scroll of blinking {unknown}
 u - a scroll of vulnerability {unknown}
 x - a scroll of butterflies {unknown}
 A - a scroll of amnesia {unknown}
Potions
 a - a potion of haste
 d - 2 potions of might
 g - a potion of mutation {unknown}
 h - a potion of magic {unknown}
 p - a potion of cancellation
 q - 7 potions of enlightenment
 s - a potion of invisibility {unknown}
 C - a potion of attraction {unknown}


   Skills:
 + Level 5.5 Fighting
 + Level 3.7 Long Blades
 + Level 7.3 Maces & Flails
 + Level 0.4 Throwing
 + Level 6.4 Armour
 + Level 2.8 Dodging
 + Level 0.6 Stealth
 + Level 5.5 Shields


You had 7 spell levels left.
You didn't know any spells.
Your spell library contained the following spells:

 Spells                   Type           Power      Damage    Failure   Level
 Shock                    Conj/Air       0%         1d3       92%         1
 Poisonous Vapours        Pois/Air       0%         N/A       98%         2
 Mephitic Cloud           Conj/Pois/Air  0%         N/A       100%        3
 Swiftness                Air            0%         N/A       100%        3
 Airstrike                Air            0%         2d(0-16)  100%        4
 Freezing Cloud           Conj/Ice/Air   0%         6-21      100%        5


Dungeon Overview and Level Annotations

Branches:
Dungeon (5/15)             Temple (1/1) D:4           Sewer (visited)

Altars:
Ashenzari
Cheibriados
Dithmenos
Elyvilon
Fedhas
Hepliaklqana
Kikubaaqudgha
Makhleb
Okawaru
Qazlal
Sif Muna
Uskayaw
Vehumet
Xom
Zin

Shops:
D:2 (

Annotations:
D:3 1 runed translucent door, bahustanut's ghost, amateur OpEE


Innate Abilities, Weirdness & Mutations

You have a pair of horns on your head.
You reflexively headbutt those who attack you in melee.


Message History

Found 6 stones.
The iguana hisses angrily.
You see here 6 gold pieces.
You closely miss the iguana. The iguana closely misses you.
You hit the iguana. Your headbutt misses the iguana.
The iguana is heavily wounded.
The iguana bites you.
* * * LOW HITPOINT WARNING * * *
You hit the iguana but do no damage. You headbutt the iguana.
The iguana is severely wounded.
The iguana bites you but does no damage.
The orc warrior hits you with a +0 scimitar!
* * * LOW HITPOINT WARNING * * *
You hit the iguana.
The iguana is almost dead.
The iguana closely misses you. You furiously retaliate!
You headbutt the iguana. You block the orc warrior's attack.
You sock the iguana!
You kill the iguana!
The orc warrior hits you with a +0 scimitar.
* * * LOW HITPOINT WARNING * * *
It was a potion of cancellation.
You feel magically purged. The dart slug launches a dart at you.
The slug dart misses you.
The orc warrior hits you but does no damage.
It was a potion of haste.
You feel yourself speed up. The orc warrior barely misses you.
You furiously retaliate!
You headbutt the orc warrior.
You hit the orc warrior but do no damage.
You headbutt the orc warrior, but do no damage.
The orc warrior is lightly wounded.
The orc warrior hits you with a +0 scimitar.
* * * LOW HITPOINT WARNING * * *
You completely miss the orc warrior.
The orc warrior is lightly wounded.
The orc warrior hits you but does no damage.
You barely miss the orc warrior. You headbutt the orc warrior.
The orc warrior is lightly wounded.
The orc warrior hits you with a +0 scimitar.
You die...

. #######....[##)# # .
#.###..))# .###
.###.....####### ...
...####..###...###
.######.# #..........#.#
......#.# #.#..#.......#
..##....# #....#(.##.#[##
.....$..######.#..##....#
####.o.......w.†@....#####
# #....##.#...o..##)....#
# #######.#.###.....#.###
# #........##.#.#
###.####....#.#
#.........#)#
#####..##...# #.....#.###
##<...#...#


You could see an orc warrior and a dart slug.

Vanquished Creatures
  Sigmund (D:4)
  Eustachio (D:4)
  2 water moccasins (D:5)
  An ice beast (D:5)
  An ogre (D:5)
  A phantom (D:5)
  A scorpion (D:5)
  A howler monkey (D:4)
  3 iguanas
  8 gnolls
  11 adders
  3 river rats (Sewer)
  4 worms
  A dart slug (D:2)
  12 orcs
  5 endoplasms
  6 giant cockroaches
  11 goblins
  5 hobgoblins
  9 jackals
  4 kobolds
  8 quokkas
  10 ball pythons
  13 bats
  3 frilled lizards (D:3)
  3 rats (D:2)
128 creatures vanquished.

Notes
Turn   | Place    | Note
-------+----------+-------------------------------------------
     0 | D:1      | Fodor the Minotaur Fighter began the quest for the Orb.
     0 | D:1      | Reached XP level 1. HP: 19/19 MP: 0/0
   316 | D:1      | Reached XP level 2. HP: 27/27 MP: 1/1
   728 | D:2      | Found Okhlintiy's Antique Weapon Emporium.
   756 | D:2      | Reached XP level 3. HP: 22/33 MP: 2/2
  1048 | D:2      | Found a faded altar of an unknown god.
  1294 | D:3      | Reached XP level 4. HP: 26/40 MP: 3/3
  1310 | D:3      | Found a glowing drain.
  1328 | D:3      | Reached skill level 1 in Maces & Flails
  1334 | Sewer    | Entered a sewer
  1475 | Sewer    | Reached skill level 1 in Dodging
  1582 | Sewer    | Reached XP level 5. HP: 42/47 MP: 4/4
  1593 | Sewer    | Reached skill level 2 in Maces & Flails
  2005 | D:3      | Found a runed translucent door.
  2011 | D:3      | Noticed bahustanut's ghost (amateur OpEE)
  2503 | D:3      | Reached skill level 3 in Maces & Flails
  2687 | D:4      | Reached XP level 6. HP: 49/53 MP: 5/5
  2765 | D:4      | Noticed Eustachio
  2784 | D:4      | Killed Eustachio
  2785 | D:4      | Reached skill level 5 in Fighting
  2785 | D:4      | Reached skill level 4 in Maces & Flails
  2853 | D:4      | Noticed Sigmund
  2874 | D:4      | Killed Sigmund
  2875 | D:4      | Reached skill level 5 in Maces & Flails
  2875 | D:4      | Reached skill level 5 in Armour
  2875 | D:4      | Reached skill level 5 in Shields
  2875 | D:4      | Reached XP level 7. HP: 30/61 MP: 6/6
  3220 | D:4      | Found a staircase to the Ecumenical Temple.
  3231 | Temple   | Entered the Ecumenical Temple
  3464 | D:5      | Entered Level 5 of the Dungeon
  3634 | D:5      | Reached skill level 6 in Maces & Flails
  3706 | D:5      | Reached XP level 8. HP: 66/68 MP: 7/7
  3732 | D:5      | Reached skill level 7 in Maces & Flails
  3775 | D:5      | HP: 2/69 [orc warrior/+0 scimitar (4)]
  3777 | D:5      | Slain by an orc warrior

Illustrated notes

Levels and vault maps discovered:
D:1:      minmay_arrival_plants_in_alcoves, layout_loops_ring
D:2:      layout_rooms, shapermc_ecumenical_altar_acropolis, serial_shops,
          nicolae_shop_hallway_plus
D:3:      cheibrodos_greedy_goblins, layout_loops_ring,
          cheibrodos_sewer_entry_bend, ebering_ghost_reflecting_pool
D:4:      layout_cave_pools, temple_statues, dk_rats_in_the_wall, uniq_sigmund,
          uniq_eustachio
D:5:      cheibrodos_fzero, layout_basic, sigmund_army
Temple:   hellmonk_temple_two_chambers

Skill      XL: |  1  2  3  4  5  6  7  8 |
---------------+-------------------------+-----
Fighting       | 4 5 |  5.5
Shields        | 4 5 |  5.5
Long Blades    | 3 |  3.7
Armour         | 4 5 6 |  6.4
Maces & Flails | 1 3 5 6 7 |  7.3
Dodging        | 1 2 |  2.8
Throwing       | |  0.4
Stealth        | |  0.6

Action                     |  1- 3 |  4- 6 |  7- 9 || total
---------------------------+-------+-------+-------++-------
  Melee: Long sword        |    50 |       |       ||    50
         Headbutt          |    10 |    16 |    24 ||    50
         Flail             |    40 |   163 |    90 ||   293
  Throw: Dart              |       |     4 |     3 ||     7
    Use: Scroll            |       |       |     2 ||     2
         Potion            |       |       |     2 ||     2
 Armour: Scale mail        |    93 |   144 |    21 ||   258
         Chain mail        |       |       |    55 ||    55
  Dodge: Dodged            |    75 |   109 |    78 ||   262
  Block: Buckler           |    30 |    45 |    30 ||   105

Table legend: (Time is in decaauts)
 A = Elapsed time spent in this place.
 B = Non-inter-level travel time spent in this place.
 C = Inter-level travel time spent in this place.
 D = Time resting spent in this place.
 E = Time spent auto-exploring this place.
 F = Levels seen in this place.
 G = Mean time per level.
                   A        B        C        D        E       F      G
               +--------+--------+--------+--------+--------+-----+--------+
         Total |   3977 |   3886 |     91 |    339 |      0 |   7 |  568.1 |
       Dungeon |   3386 |   3295 |     91 |    290 |      0 |   5 |  677.2 |
        Temple |     17 |     17 |      0 |      0 |      0 |   1 |   17.0 |
         Sewer |    572 |    572 |      0 |     49 |      0 |   1 |  572.0 |
               +--------+--------+--------+--------+--------+-----+--------+

Top non-repeatable levels by time:
     D:3: 968 daAuts
     D:4: 789 daAuts
     D:1: 720 daAuts
     D:2: 586 daAuts
   Sewer: 572 daAuts
     D:5: 321 daAuts
  Temple: 17 daAuts
